 Dungeon Crawl Stone Soup version 0.14-a0-2848-g1d0399b (webtiles) character file.

4290 JEFFREY the Cleaver (level 10, -5/91 HPs)
             Began as a Lava Orc Fighter on Feb 27, 2014.
             Was a Believer of Okawaru.
             Slain by Gastronok (27 damage)
             ... on Level 8 of the Dungeon.
             The game lasted 00:35:38 (6369 turns).

JEFFREY the Cleaver (Lava Orc Fighter)              Turns: 6369, Time: 00:35:41

HP  -5/91        AC 17     Str 22      XL: 10   Next:  5%
MP  15/15        EV  5     Int  8      God: Okawaru [**....]
Gold 198         SH 24     Dex 11      Spells:  0 memorised,  9 levels left

rFire  + + +     SeeInvis .     J - +0 hand axe
rCold  x . .     Clarity  .     D - +0 plate armour
rNeg   . . .     Conserve .     c - +0 orc shield
rPois  .         rCorr    .     (no helmet)
rElec  .         rRot     .     u - +0 cloak
SustAb . .       Spirit   .     L - +1 pair of orc gloves
rMut   .         Warding  .     (no boots)
Saprov + . .     Stasis   .     (no amulet)
MR     .....                    (no ring)
                                (no ring)

@: slowed, very slow, not resistant to hostile enchantments, extremely
unstealthy
A: conserve scrolls, saprovore 1
a: Heroism, Renounce Religion


You were on level 8 of the Dungeon.
You worshipped Okawaru.
Okawaru was pleased with you.
You were not hungry.

You visited 2 branches of the dungeon, and saw 9 of its levels.

You collected 339 gold pieces.
You spent 141 gold pieces at shops.

Inventory:

Hand weapons
 a - a +0,+0 hand axe
 h - a +3,+3 quarterstaff of chaos
 G - a cursed +0,+0 flail of crushing
 J - a +0,+0 hand axe (weapon)
Armour
 b - a +0 orcish scale mail
 c - a +0 orcish shield (worn)
 u - a +0 cloak (worn)
 D - a +0 plate armour (worn)
 L - a +1 pair of orcish gloves (worn)
Magical devices
 r - a wand of digging (16)
 A - a wand of lightning (2)
 H - a wand of cold (10)
 I - a wand of slowing (11)
 K - a wand of magic darts (0)
Comestibles
 d - 3 meat rations
 n - 6 bread rations
 v - a chunk of adder flesh
 F - 9 cheeses
Scrolls
 e - 2 scrolls of curse jewellery {unknown}
 g - 4 scrolls of random uselessness {unknown}
 i - 9 scrolls of identify {unknown}
 j - 3 scrolls of immolation {unknown}
 k - a scroll of enchant weapon II {unknown}
 q - 8 scrolls of remove curse {unknown}
 s - 3 scrolls of fog {unknown}
 w - 3 scrolls of teleportation {unknown}
 y - a scroll of curse weapon {unknown}
Potions
 f - 2 potions of heal wounds
 l - 2 potions of mutation {unknown}
 m - a potion of agility {unknown}
 o - 3 potions of speed
 p - 3 potions of paralysis {unknown}
 t - a potion of degeneration {unknown}
 x - 3 potions of might {unknown}
 z - 3 potions of curing
 B - 2 potions of magic {unknown}
 C - 2 potions of brilliance {unknown}
Magical staves
 E - an uncursed staff of air {unknown}


   Skills:
 + Level 9.0 Fighting
 + Level 9.7 Axes
 - Level 1.2 Maces & Flails
 + Level 8.3 Armour
 + Level 8.3 Shields
 + Level 3.1 Invocations


You had 9 spell levels left.
You didn't know any spells.

Dungeon Overview and Level Annotations

Branches:
Dungeon (8/16)             Temple (1/1) D:7
   Lair: D:8-11

Altars:
Ashenzari
Cheibriados
Dithmenos
Elyvilon
Fedhas
Kikubaaqudgha
Makhleb
Nemelex Xobeh
Okawaru
Sif Muna
Trog
Vehumet
Xom
Yredelemnul
Zin
The Shining One

Shops:
D:6 ?   D:7 *   D:8 (

Annotations:
D:8 Gastronok


Innate Abilities, Weirdness & Mutations

You have stony skin.
Your flesh is almost immune to the effects of heat.
Your fire spells are more powerful.
Your flesh is vulnerable to cold.
Your heat harms attackers.
You bathe your surroundings in blazing heat.
You are too hot to use scrolls.
You are very good at protecting items from fire.
You can tolerate rotten meat.


Message History

Gastronok is severely wounded.
Gastronok bites you!
* * * LOW HITPOINT WARNING * * *
Gastronok is singed by your heat.
Gastronok is severely wounded.
You hit Gastronok but do no damage.
Gastronok is severely wounded.
Gastronok is burned by your radiant heat.
Gastronok is severely wounded.
Gastronok waves his eye-stalks in wide circles.
The air twists around and strikes you!
* * * LOW HITPOINT WARNING * * *
You hit Gastronok.
Gastronok is almost dead.
You hit Gastronok.
Gastronok is almost dead.
Gastronok is burned by your radiant heat.
Gastronok is almost dead.
Gastronok bites you!
You die...

######### ######
#.......# .......
#.......# .......
#.......### ..?....
#.......'.###........
#.......#...@........
#.......#####j..)....
####'#### #####+#
########.# ......#..#
#####...## # ##≈.≈.#
# #≈≈.≈≈# # #≈≈∩≈≈#


You could see Gastronok.

Vanquished Creatures
  Grinder (D:6)
  Prince Ribbit (D:5)
  2 yaks (D:7)
  A hungry ghost (D:8)
  Grum (D:8)
  2 wolves (D:8)
  Edmund (D:6)
  Menkaure (D:6)
  An ice beast (D:7)
  A human (D:7)
  The ghost of Restia the Skirmisher, an average DsMo (D:4)
  An orc warrior (D:8)
  3 ogres
  2 centaurs (D:8)
  3 phantoms (D:4)
  Sigmund (D:7)
  Blork the orc (D:7)
  6 giant frogs
  A giant goldfish zombie (D:6)
  A hippogriff skeleton (D:8)
  6 crimson imps
  2 orc priests (D:6)
  2 hounds
  Crazy Yiuf (D:3)
  5 orc wizards
  Natasha (thrice) (D:3)
  2 scorpions
  4 worker ants
  2 sheep (D:7)
  Ijyb (D:2)
  Jessica (D:2)
  An ogre zombie (D:6)
  A big fish zombie (D:6)
  5 gnolls
  14 adders
  A giant mite (D:3)
  A goliath beetle zombie (D:5)
  2 worms
  A giant eyeball (D:6)
  2 giant geckos
  An ooze (D:4)
  13 orcs
  2 ball pythons
  11 goblins
  17 hobgoblins
  16 jackals
  10 kobolds
  4 quokkas
  11 bats
  3 giant cockroaches
  6 giant newts
  A giant spore (D:6)
  A hobgoblin skeleton (D:7)
  A hobgoblin zombie (D:7)
  A kobold skeleton (D:5)
  8 rats
  2 ballistomycetes
197 creatures vanquished.

Vanquished Creatures (others)
  A giant spore (D:8)
1 creature vanquished.

Grand Total: 198 creatures vanquished

Notes
Turn   | Place    | Note
--------------------------------------------------------------
     0 | D:1      | JEFFREY, the Lava Orc Fighter, began the quest for the Orb.
     0 | D:1      | Reached XP level 1. HP: 19/19 MP: 1/1
    55 | D:1      | Reached XP level 2. HP: 10/26 MP: 2/2
   285 | D:1      | Reached skill level 4 in Axes
   353 | D:1      | Reached XP level 3. HP: 26/31 MP: 3/3
   683 | D:2      | Noticed Ijyb
   703 | D:2      | Killed Ijyb
   703 | D:2      | Reached skill level 5 in Axes
   765 | D:2      | Reached XP level 4. HP: 26/40 MP: 4/4
   891 | D:2      | Noticed Jessica
   905 | D:2      | Killed Jessica
  1051 | D:2      | Found a glowing silver altar of Zin.
  1051 | D:2      | Noticed an angel
  1053 | D:2      | Found a shimmering altar of Xom.
  1363 | D:3      | Reached XP level 5. HP: 41/46 MP: 5/5
  1726 | D:3      | Noticed Natasha
  1738 | D:3      | Killed Natasha
  1872 | D:3      | Noticed Natasha
  1888 | D:3      | Killed Natasha
  1917 | D:3      | Noticed Crazy Yiuf
  1928 | D:3      | Killed Crazy Yiuf
  1928 | D:3      | Reached XP level 6. HP: 43/53 MP: 6/6
  2235 | D:3      | Noticed Natasha
  2253 | D:3      | Killed Natasha
  2359 | D:4      | Noticed Restia's ghost (average DsMo)
  2365 | D:4      | Found a sparkling altar of Nemelex Xobeh.
  2388 | D:4      | Killed Restia's ghost
  2388 | D:4      | Reached skill level 6 in Axes
  2421 | D:4      | Reached skill level 5 in Fighting
  2510 | D:4      | Reached XP level 7. HP: 46/61 MP: 7/7
  2578 | D:4      | Reached skill level 5 in Armour
  2590 | D:4      | Found a shadowy altar of Dithmenos.
  2668 | D:4      | Reached skill level 5 in Shields
  2845 | D:4      | Reached skill level 7 in Axes
  3186 | D:5      | Entered Level 5 of the Dungeon
  3203 | D:5      | Noticed Prince Ribbit
  3221 | D:5      | Killed Prince Ribbit
  3221 | D:5      | Reached XP level 8. HP: 25/70 MP: 8/8
  4217 | D:6      | Found Fryff's Magic Scroll Shop.
  4473 | D:6      | Found a burning altar of Makhleb.
  4474 | D:6      | Found a radiant altar of Vehumet.
  4549 | D:6      | Noticed Grinder
  4575 | D:6      | Killed Grinder
  4585 | D:6      | Noticed Edmund
  4599 | D:6      | Killed Edmund
  4599 | D:6      | Reached skill level 8 in Axes
  4672 | D:6      | Noticed Menkaure
  4685 | D:6      | Killed Menkaure
  4685 | D:6      | Reached skill level 1 in Maces & Flails
  4737 | D:6      | Paralysed by a giant eyeball for 4 turns
  4777 | D:6      | Reached XP level 9. HP: 64/79 MP: 9/9
  4781 | D:6      | Found a basalt altar of Yredelemnul.
  4954 | D:7      | Noticed Blork the orc
  4965 | D:7      | Killed Blork the orc
  4997 | D:7      | Found Ruhiul's General Store.
  5053 | D:7      | Bought a potion of confusion for 14 gold pieces
  5053 | D:7      | Bought a potion of heal wounds for 42 gold pieces
  5053 | D:7      | Bought a +1 pair of orcish gloves for 85 gold pieces
  5097 | D:7      | Noticed Sigmund
  5131 | D:7      | Killed Sigmund
  5173 | D:7      | Found a staircase to the Ecumenical Temple.
  5180 | Temple   | Entered the Ecumenical Temple
  5235 | Temple   | Became a worshipper of Warmaster Okawaru
  5693 | D:7      | Reached skill level 9 in Axes
  5809 | D:8      | Noticed Grum
  5825 | D:8      | Acquired Okawaru's first power
  5843 | D:8      | Killed Grum
  5843 | D:8      | Reached skill level 1 in Invocations
  6145 | D:8      | Found a glowing golden altar of the Shining One.
  6256 | D:8      | Reached XP level 10. HP: 48/91 MP: 12/14
  6277 | D:8      | Found Pruwu's Antique Weapon Shop.
  6338 | D:8      | Noticed Gastronok
  6369 | D:8      | Slain by Gastronok

Action                   |  1- 3 |  4- 6 |  7- 9 | 10-12 || total
-------------------------+-------+-------+-------+-------++-------
Melee: Hand axe          |   127 |   257 |   797 |    46 ||  1227
Evoke: Wand              |       |       |     5 |     2 ||     7
  Use: Potion            |       |       |       |     2 ||     2
